 Dungeon Crawl Stone Soup version 0.18-a0-1186-gd02dc51 (webtiles) character file.

363 Chiseanne the Skirmisher (level 6, 0/58 HPs)
             Began as a Centaur Air Elementalist on Jan 28, 2016.
             Was an Initiate of Gozag.
             Hit by a tomahawk thrown by an orc (2 damage)
             ... on level 5 of the Dungeon.
             The game lasted 00:11:51 (5998 turns).

Chiseanne the Skirmisher (Centaur Air Elementalist) Turns: 5998, Time: 00:11:51

Health: 0/58       AC:  8    Str: 10    XL:     6   Next: 39%
Magic:  6/8        EV:  9    Int: 16    God:    Gozag
Gold:   177        SH:  0    Dex: 10    Spells: 3 memorised, 2 levels left

rFire  . . .     SeeInvis .     a - +1 dagger
rCold  . . .     Gourm    .     h - +0 robe
rNeg   + . .     Faith    .     (no shield)
rPois  .         Spirit   .     e - +1 helmet
rElec  .         Dismiss  .     u - +0 cloak
rCorr  .         Reflect  .     j - +0 pair of gloves
SustAt .         Harm     .     (no barding)
MR     .....                    (no amulet)
Stlth  +.........               r - ring of wizardry
                                n - ring of positive energy

@: very quick, not resistant to hostile enchantments, very unstealthy
A: hooves 3, deformed body, speed 2, tough skin 3
a: Potion Petition, Call Merchant, Bribe Branch, Renounce Religion


You were on level 5 of the Dungeon.
You worshipped Gozag.
Gozag was noncommittal.
You were not hungry.

You visited 2 branches of the dungeon, and saw 7 of its levels.

You collected 214 gold pieces.
You paid 37 gold pieces to Gozag.

Inventory:

Hand Weapons
 a - a +1 dagger (weapon)
 w - a +0 blowgun
Missiles
 p - 8 sling bullets of flame
 q - 15 poisoned needles
 t - 4 throwing nets (quivered)
 v - 21 arrows
Armour
 e - a +1 helmet (worn)
 h - a +0 robe (worn)
 j - a +0 pair of gloves (worn)
 u - a +0 cloak (worn)
Jewellery
 n - a ring of positive energy (left hand)
 r - a ring of wizardry (right hand)
Wands
 s - a wand of frost (30/48)
 y - a wand of confusion (27/48)
Scrolls
 d - 2 scrolls of magic mapping
 g - 2 scrolls of enchant armour
 x - a scroll of remove curse
Potions
 i - a potion of agility
 l - a potion of flight
 o - a potion of might {unknown}
 z - a potion of cancellation {unknown}
Books
 b - a book of Air

   Spells                             Type                      Level
   a - Shock                          Conjuration/Air              1
   b - Swiftness                      Charms/Air                   2
   c - Repel Missiles                 Charms/Air                   2
   d - Static Discharge               Conjuration/Air              3
   e - Lightning Bolt                 Conjuration/Air              5
 k - a book of the Dragon

   Spells                             Type                      Level
   a - Flame Tongue                   Conjuration/Fire             1
   b - Cause Fear                     Hexes                        4
   c - Bolt of Fire                   Conjuration/Fire             6
   d - Dragon Form                    Transmutation                7
   e - Dragon's Call                  Summoning                    9
Comestibles
 c - 3 bread rations
 f - 7 fruits
 m - 5 meat rations


   Skills:
 + Level 6.4 Fighting
 - Level 1.3 Dodging
 - Level 1.2 Stealth
 - Level 1.5 Spellcasting
 - Level 0.8 Conjurations
 - Level 2.6 Air Magic


You had 2 spell levels left.
You knew the following spells:

 Your Spells              Type           Power        Failure   Level  Hunger
a - Shock                 Conj/Air       #...         4%          1    ##.....
b - Repel Missiles        Chrm/Air       #.....       9%          2    ###....
c - Static Discharge      Conj/Air       #.......     14%         3    ####...


Dungeon Overview and Level Annotations

Branches:
Dungeon (6/15)             Temple (1/1) D:4

Altars:
Ashenzari
Cheibriados
Dithmenos
Elyvilon
Fedhas
Gozag
Kikubaaqudgha
Makhleb
Nemelex Xobeh
Okawaru
Pakellas
Qazlal
Ru
Trog
Xom
Yredelemnul
Zin
The Shining One

Annotations:
D:5 Menkaure; chonchonts's ghost, novice MiFi


Innate Abilities, Weirdness & Mutations

You have hooves in place of feet.
Armour fits poorly on your strangely shaped body.
You cover ground very quickly.
You have extremely tough skin (AC +3).


Message History

Aim: Menkaure (fast)
The zap misses the adder skeleton.
The zap misses the adder.
The zap hits Menkaure.
Menkaure is lightly damaged.
Menkaure calls on the powers of darkness!
The adder convulses!
Your body is wracked with pain!
* * * LOW HITPOINT WARNING * * *
An orc comes into view.
The orc shouts!
The orc throws a tomahawk.
The tomahawk hits you.
* * * LOW HITPOINT WARNING * * *
You see here a tomahawk.
The orc throws a tomahawk.
The tomahawk hits you.
* * * LOW HITPOINT WARNING * * *
You see here a tomahawk.
The orc throws a tomahawk.
The tomahawk closely misses you.
You see here a tomahawk.
The orc throws a tomahawk.
The tomahawk hits you.
You die...
Your body crumbles into a pile of gold.

#### #.... #... #.#.##
... ..... .. #.## ....#
#.# #@####### ..#.# #.#
#(....... M...# #.#
##......## oo o...#
#..###(........ . ...#
oS..# #.#..(..#####.# .
...# .##># #.##....#
#.##. ...# S##.##
##.......# ##...# ##..#
.....# #..##o...#
#....##.##... ###o.#
#.##.....####.#.....##...


You could see an orc.

Vanquished Creatures
  2 hounds (D:4)
  An orc wizard (D:5)
  An orc priest (D:5)
  A centaur skeleton (D:4)
  Natasha (D:3)
  A worker ant zombie (D:3)
  7 adders
  2 gnolls
  A shadow imp (D:5)
  An adder skeleton (D:4)
  2 worms (D:2)
  4 giant geckos
  6 orcs
  2 giant cockroaches (D:2)
  9 goblins
  7 hobgoblins
  4 jackals
  2 quokkas
  A ball python (D:1)
  11 bats
  A giant gecko skeleton (D:4)
  5 giant newts
  6 kobolds
  6 rats
84 creatures vanquished.

Notes
Turn   | Place    | Note
--------------------------------------------------------------
     0 | D:1      | Chiseanne the Centaur Air Elementalist began the quest for the Orb.
     0 | D:1      | Reached XP level 1. HP: 14/14 MP: 3/3
   266 | D:1      | Reached skill level 1 in Fighting
   583 | D:1      | Reached XP level 2. HP: 4/24 MP: 2/4
   584 | D:1      | HP: 1/24 [jackal (2)]
  1494 | D:2      | Reached XP level 3. HP: 30/30 MP: 5/5
  1714 | D:2      | Reached skill level 3 in Fighting
  1867 | D:2      | Found a shadowy altar of Dithmenos.
  2059 | D:2      | Reached XP level 4. HP: 37/40 MP: 0/6
  2684 | D:3      | Reached skill level 4 in Fighting
  3439 | D:3      | Found a sacrificial altar of Ru.
  3818 | D:4      | Reached XP level 5. HP: 26/47 MP: 1/7
  4132 | D:4      | Found a stormy altar of Qazlal.
  4149 | D:4      | Noticed Natasha
  4176 | D:3      | Killed Natasha
  4176 | D:3      | Reached skill level 5 in Fighting
  4475 | D:4      | Found a staircase to the Ecumenical Temple.
  4558 | Temple   | Entered the Ecumenical Temple
  4566 | Temple   | Became a worshipper of Gozag Ym Sagoz the Greedy
  4642 | Temple   | Learned a level 2 spell: Repel Missiles
  4666 | Temple   | Learned a level 3 spell: Static Discharge
  4856 | D:4      | Reached XP level 6. HP: 50/57 MP: 8/8
  4978 | D:5      | Entered Level 5 of the Dungeon
  4978 | D:5      | Noticed chonchonts's ghost (novice MiFi)
  5038 | D:5      | Reached skill level 6 in Fighting
  5051 | D:5      | Noticed Menkaure
  5329 | D:5      | Found a basalt altar of Yredelemnul.
  5393 | D:5      | Found a snail-covered altar of Cheibriados.
  5393 | D:5      | Found an oddly glowing altar of Pakellas.
  5394 | D:5      | Found a basalt altar of Yredelemnul.
  5681 | D:5      | Noticed an ice beast
  5869 | D:6      | Noticed an orc warrior
  5995 | D:5      | HP: 1/58 [orc/tomahawk (5)]
  5998 | D:5      | Hit by a tomahawk thrown by an orc

Vault maps used:
D:1:      lightli_arrival_chessboard, minmay_misc_feat_rows
D:2:      nicolae_dithmenos_through_a_glass_darkly, minmay_crystal_water,
          kennysheep_generic_room_15
D:3:      lemuel_crystal_altar, first_bread
D:4:      lemuel_round_altar, minmay_temple_entry_poolview,
          cheibrodos_gnoll_hut, uniq_natasha
D:5:      gammafunk_temple_overflow_claw, yredelemnul_altar_generic,
          uniq_menkaure
D:6:      kennysheep_mini, st_stairs_13
Temple:   circular_temple_12

Action                   |  1- 3 |  4- 6 || total
-------------------------+-------+-------++-------
Melee: Unarmed           |    95 |       ||    95
       Dagger            |   102 |   219 ||   321
 Fire: Blowgun           |       |     9 ||     9
 Cast: Shock             |    24 |    52 ||    76
       Repel Missiles    |       |     1 ||     1
       Static Discharge  |       |     2 ||     2
  Use: Scroll            |     5 |     8 ||    13
       Potion            |       |     4 ||     4
 Stab: Distracted        |       |     1 ||     1
  Eat: Chunk             |     4 |     8 ||    12
       Pizza             |       |     3 ||     3
       Beef jerky        |       |     1 ||     1
